 Dungeon Crawl Stone Soup version 0.13-a0-2450-ga447c6a (webtiles) character file.

325 JogiH the Magician (level 5, -2/45 HPs)
             Began as a Djinni Wizard on July 17, 2013.
             Slain by an orc wizard
             ... wielding a -1,+1 orcish falchion
              (5 damage)
             ... on Level 2 of the Dungeon.
             The game lasted 00:18:53 (7160 turns).

JogiH the Magician (Djinni Wizard)                  Turns: 7160, Time: 00:18:53

HP  -2/45        AC  2     Str  7      XL: 5   Next: 58%
MP   0/0         EV 12     Int 19      God:
Gold 113         SH  0     Dex 12      Spells:  6 memorised,  2 levels left

Res.Fire  : + + +   See Invis. : .   h - +2,+0 elf whip (venom)
Res.Cold  : x . .   Warding    : .   a - +0 robe
Life Prot.: + + +   Conserve   : .   (no shield)
Res.Poison: .       Res.Corr.  : .   b - +0 wizard hat
Res.Elec. : .       Clarity    : .   (no cloak)
Sust.Abil.: . .     Spirit.Shd : .   (no gloves)
Res.Mut.  : .       Stasis     : .   (boots unavailable)
Res.Rott. : .       Flight     : .   (no amulet)
Saprovore : . . .                    m - ring of teleport control
                                     i - ring of positive energy {unknown}

@: very slightly contaminated, slightly resistant to hostile enchantments,
unstealthy
A: no striking features
a: Evoke Teleport Control


You were on level 2 of the Dungeon.
You were not hungry.

You visited 1 branch of the dungeon, and saw 4 of its levels.

You collected 93 gold pieces.

Inventory:

Hand weapons
 h - a +2,+0 elven whip of venom (weapon)
 o - a +1,+0 sabre of venom
 q - a +2,+0 whip of flaming
 s - a +0,+1 whip of reaching
Armour
 a - a +0 robe (worn)
 b - a +0 wizard hat (worn)
Scrolls
 d - 2 scrolls of fog {unknown}
 f - 2 scrolls of magic mapping {unknown}
 g - a scroll of amnesia {unknown}
 j - 2 scrolls of fear {unknown}
 k - 3 scrolls of teleportation {unknown}
 l - 5 scrolls of identify {unknown}
 u - 2 scrolls of remove curse {unknown}
Jewellery
 i - a ring of positive energy (left hand) {unknown}
 m - a ring of teleport control (right hand)
 r - an uncursed ring of ice {unknown}
Potions
 e - a potion of curing
 n - 2 potions of invisibility {unknown}
 p - a potion of resistance {unknown}
 t - a potion of speed {unknown}
Books
 c - a book of Minor Magic

   Spells                             Type                      Level
   *Magic Dart                        Conjuration                  1
   *Blink                             Translocation                2
   *Call Imp                          Summoning                    2
   *Repel Missiles                    Charms/Air                   2
   Slow                               Hexes                        2
   *Conjure Flame                     Conjuration/Fire             3
   *Mephitic Cloud                    Conjuration/Poison/Air       3


   Skills:
 - Level 2.0 Dodging
 - Level 1.5 Stealth
 + Level 5.6 Spellcasting
 * Level 3.2 Conjurations
 + Level 2.4 Summonings
 + Level 1.1 Translocations
 + Level 0.2 Air Magic


You had 2 spell levels left.
You knew the following spells:

 Your Spells              Type           Power        Failure   Level  Hunger
a - Magic Dart            Conj           ###.         3%          1    None
b - Blink                 Tloc           N/A          12%         2    None
c - Call Imp              Summ           ##........   10%         2    None
d - Conjure Flame         Conj/Fire      ##......     17%         3    ##.....
e - Mephitic Cloud        Conj/Pois/Air  #.......     21%         3    ##.....
f - Repel Missiles        Chrm/Air       #.........   17%         2    None


Dungeon Overview and Level Annotations

Branches:
Dungeon (4/27)
 Temple: D:4-7

Altars:

Annotations
D:3 Grinder, Sigmund, Terence
D:4 mahrgell's ghost, average GrMo


Message History

You barely miss it.
You hear some strange, mumbled words.
The magic dart hits you!
* * * LOW HITPOINT WARNING * * *
Drink which item? (? for menu, Esc to quit)
You feel better. It hits you.
* * * LOW HITPOINT WARNING * * *
It hits you!
* * * LOW HITPOINT WARNING * * *
You climb upwards.
There is a stone staircase leading down here.
Drink which item? (? for menu, Esc to quit)
You feel better. It hits you!
* * * LOW HITPOINT WARNING * * *
Casting: Conjure Flame
Confirm with . or Enter, or press ? or * to list all spells.
You miscast Blink.
You are very lightly contaminated with residual magic.
You feel a wrenching sensation. It hits you.
You die...

#.#......# ######### ##
#.#......# #.......# #.
#.#......# #%......# #.
#.#......##########.......####.
#.#............................
###.#.......####.####.....).####.
....###.....# #.# #.......# ##
....# #.....# #.# #.......# #
....# #.....# #@# #.......# #
....###.....####.#########.######
.................................
#.#.###.....###.......###........
#.#.# #.....# #.......# #..<.....
#.#.# #.....# #.......# #........
#.#.###.....###...%...# ##.#.###(
#.#.#.........##.(##.## #.#.# #.
#.#.#.........##.%##.#####.#.###.


There were no monsters in sight!

Vanquished Creatures
  An orc priest (D:3)
  A hound (D:4)
  4 gnolls
  An adder (D:2)
  3 giant geckos
  An ooze (D:3)
  An orc (D:3)
  9 bats
  4 giant cockroaches
  6 hobgoblins
  10 jackals
  A quokka (D:3)
  8 giant newts
  5 goblins
  10 kobolds
  6 rats
71 creatures vanquished.

Vanquished Creatures (collateral kills)
  4 adders
  2 gnolls
  A giant mite (D:1)
  An ooze (D:1)
  A goblin (D:3)
  A hobgoblin (D:1)
  5 jackals
  5 kobolds
  A giant cockroach (D:1)
  A giant newt (D:2)
22 creatures vanquished.

Vanquished Creatures (others)
  A crimson imp (D:2)
  2 shadow imps
  A white imp (D:2)
  A hobgoblin (D:1)
  A rat (D:1)
6 creatures vanquished.

Grand Total: 99 creatures vanquished

Notes
Turn   | Place    | Note
--------------------------------------------------------------
     0 | D:1      | JogiH, the Djinni Wizard, began the quest for the Orb.
     0 | D:1      | Reached XP level 1. HP: 14/14 MP: 0/0
   361 | D:1      | Reached skill level 4 in Spellcasting
   420 | D:1      | Reached XP level 2. EP: 23/23
   433 | D:1      | Learned a level 2 spell: Blink
   436 | D:1      | Learned a level 2 spell: Call Imp
  1510 | D:2      | Reached XP level 3. EP: 17/29
  1711 | D:2      | Learned a level 3 spell: Conjure Flame
  3054 | D:2      | Reached XP level 4. EP: 34/37
  3804 | D:2      | Reached skill level 5 in Spellcasting
  3866 | D:2      | Learned a level 3 spell: Mephitic Cloud
  3869 | D:2      | Learned a level 2 spell: Repel Missiles
  5929 | D:3      | Reached XP level 5. EP: 19/44
  5931 | D:3      | Noticed Sigmund
  6076 | D:3      | Noticed Terence
  6089 | D:3      | Noticed Grinder
  6648 | D:4      | Noticed mahrgell's ghost (average GrMo)
  7160 | D:2      | Slain by an orc wizard

Action                   |  1- 3 |  4- 6 || total
-------------------------+-------+-------++-------
Melee: Whip              |    34 |    27 ||    61
 Cast: Magic Dart        |    73 |    72 ||   145
       Call Imp          |    14 |    21 ||    35
       Blink             |     1 |     1 ||     2
       Conjure Flame     |       |    12 ||    12
       Mephitic Cloud    |       |     9 ||     9
  Use: Potion            |       |     3 ||     3
